Map: King Sejong Station LE

Players

ZhiZunBao - Winner!

  • Race: Zerg Zerg
  • League: Platinum
  • Spawn Location: 11:00

Amix

  • Race: Terran Terran
  • League: Platinum
  • Spawn Location: 5:00

VOD

Have the link to the VOD?

Description

Time

  • Played on: Nov. 13, 2016, 6:05 a.m.
  • Length: 15:38
Show
View Real Time Build Order
Export as new Build Order

ZhiZunBao Zerg - Winner!

Build Orders: Hatch First 

Get SALT Encoding   

  12  0:01  Drone  
  13  0:08  Drone  
  14  0:17  Overlord  
  14  0:28  Drone, Extractor  
  14  0:35  Drone x2  
  17  0:44  Drone  
  18  0:57  Hatchery  
  18  0:58  Drone  
  18  1:05  Extractor  
  17  1:14  Spawning Pool  
  17  1:16  Drone  
  17  1:19  Drone  
  18  1:29  Drone  
  19  1:37  Drone  
  20  2:01  Zergling x4  
  22  2:18  Metabolic Boost  
  22  2:22  Queen x2  
  26  2:25  Hatchery  
  25  2:32  Drone  
  25  2:33  Drone x2  
  28  2:51  Overlord  
  28  3:09  Queen x2  
  28  3:11  Overlord  
  32  3:17  Drone  
  32  3:18  Drone x3  
  36  3:26  Overlord  
  36  3:32  Drone  
  36  3:33  Drone x5  
  42  3:34  Drone  
  43  3:46  Queen  
  45  3:53  Pneumatized Carapace  
  46  3:55  Drone  
  46  3:56  Drone x4  
  46  4:00  Queen  
  52  4:10  Drone  
  52  4:11  Drone x5  
  52  4:14  Overlord  
  58  4:27  Extractor  
  58  4:29  Drone, Extractor  
  58  4:30  Drone  
  58  4:33  Overlord  
  58  4:57  Baneling Nest  
  57  5:05  Evolution Chamber  
  56  5:07  Evolution Chamber  
  56  5:11  Overlord  
  56  5:12  Zergling x2  
  56  5:13  Zergling x20  
  66  5:29  Drone x5  
  66  5:30  Drone  
  66  5:33  Lair  
  72  5:50  Zerg Ground Armor Level 1, Zerg Melee Weapons Level 1  
  72  5:52  Baneling  
  72  5:53  Baneling x2  
  72  5:57  Extractor x2  
  71  6:01  Drone x5, Extractor  
  71  6:04  Overlord x3  
  74  6:35  Drone x2, Hatchery  
  74  6:36  Drone  
  74  6:38  Drone  
  74  6:39  Drone x8  
  85  6:40  Centrifical Hooks  
  85  6:42  Spore Crawler  
  85  6:45  Drone x3, Spine Crawler  
  86  7:01  Infestation Pit  
  86  7:03  Hatchery  
  84  7:11  Hatchery  
  83  7:22  Baneling  
  83  7:23  Baneling x14  
  83  7:25  Zergling x24  
  83  7:26  Zergling x6  
  83  7:29  Overlord x3  
  98  7:38  Hive  
  98  7:39  Overseer x3  
  98  8:04  Drone x13  
  111  8:07  Pathogen Glands, Burrow  
  111  8:18  Roach Warren  
  110  8:21  Drone  
  110  8:22  Drone x10  
  121  8:30  Hatchery  
  121  8:33  Spire  
  119  8:52  Ultralisk Cavern  
  118  8:56  Extractor x2  
  118  8:58  Drone  
  118  8:59  Drone x2  
  118  9:00  Drone x3  
  123  9:02  Drone  
  123  9:03  Drone x11  
  134  9:24  Zergling x2  
  134  9:25  Zergling x10  
  134  9:27  Overlord x5  
  134  9:28  Overlord x5  
  140  9:38  Baneling x6  
  140  9:39  Baneling x8  
  140  9:42  Chitinous Plating  
  140  9:49  Infestor  
  140  9:50  Infestor x4  
  150  9:55  Zerg Ground Armor Level 2  
  150  9:56  Zerg Melee Weapons Level 2  
  150  10:05  Drone  
  150  10:30  Extractor x2  
  148  10:43  Overlord x2  
  148  10:47  Adrenal Glands  
  147  10:50  Greater Spire  
  147  10:52  Spire  
  146  11:04  Zergling x26  
  147  11:05  Zergling x34  
  153  11:59  Ultralisk  
  153  12:00  Ultralisk x5  
  186  12:02  Zergling x2  
  186  12:03  Zergling x24  
  186  12:06  Baneling x11  
  186  12:07  Baneling x4  
  199  12:10  Baneling  
  177  12:36  Corruptor  
  177  12:37  Corruptor x10  
  199  13:13  Zerg Flyer Weapons Level 1, Zerg Flyer Armor Level 1  
  173  14:10  Zergling x2  
  173  14:11  Zergling x52  
  173  14:12  Zergling x2  
  197  14:44  Corruptor  
Show
View Real Time Build Order
Export as new Build Order

Amix Terran 

Build Orders:  

Get SALT Encoding   

  12  0:01  SCV  
  13  0:13  SCV  
  14  0:20  Supply Depot  
  14  0:29  SCV  
  15  0:42  SCV  
  16  0:43  Barracks  
  16  0:53  Supply Depot  
  16  0:54  SCV  
  17  1:06  SCV  
  18  1:18  SCV  
  19  1:31  Command Center  
  19  1:36  Marine  
  20  1:44  Orbital Command  
  20  2:08  Marine  
  21  2:16  Barracks  
  21  2:17  Barracks  
  21  2:24  Barracks  
  21  2:30  Barracks  
  21  2:33  Marine  
  21  2:36  SCV  
  23  2:45  Orbital Command  
  23  2:48  SCV  
  24  2:52  Marine  
  25  3:00  SCV  
  25  3:02  Bunker  
  26  3:09  Marine  
  26  3:10  Refinery  
  26  3:12  Refinery, SCV  
  28  3:22  Marine x3  
  28  3:24  SCV  
  28  3:26  SCV  
  33  3:27  Marine  
  34  3:36  SCV  
  34  3:40  SCV  
  36  3:41  Marine  
  36  3:42  Marine  
  39  3:48  SCV  
  39  3:59  Barracks Reactor  
  39  4:04  Barracks Reactor  
  39  4:06  Marine x2  
  41  4:24  Marine  
  43  4:35  Barracks Tech Lab  
  43  4:36  SCV  
  43  4:37  SCV  
  44  4:42  Marine  
  45  4:49  SCV  
  46  5:12  Combat Shields  
  46  5:21  Barracks  
  46  5:24  Barracks  
  46  5:27  Barracks  
  46  5:35  Engineering Bay  
  46  5:37  Engineering Bay  
  46  5:50  Supply Depot  
  46  5:53  Supply Depot  
  46  5:54  Supply Depot  
  46  5:55  Supply Depot x2  
  46  6:04  Command Center  
  46  6:11  Marine x6  
  46  6:12  SCV x2  
  46  6:15  Refinery x2  
  54  6:21  Barracks Tech Lab  
  54  6:23  Barracks Reactor  
  54  6:24  SCV x2  
  56  6:29  Marine x6  
  56  6:30  Marauder  
  64  6:36  SCV x2  
  66  6:46  Marine  
  66  6:47  Marine x3  
  66  6:48  SCV x2  
  66  6:51  Marauder  
  74  7:00  SCV  
  75  7:13  Marauder  
  75  7:15  Command Center  
  77  7:16  Command Center  
  77  7:28  Orbital Command  
  77  7:29  Supply Depot  
  77  7:32  Supply Depot  
  77  7:34  Marauder, Supply Depot  
  79  7:49  Barracks Reactor  
  79  7:51  Barracks Reactor  
  79  8:18  Terran Infantry Armor Level 1, Terran Infantry Weapons Level 1  
  79  8:23  Stimpack  
  79  8:31  Orbital Command  
  79  8:33  Orbital Command  
  79  8:37  Unknown  
  79  9:19  Marauder x2  
  79  9:20  Marine x5  
  79  9:21  Marine x4  
  92  9:30  Orbital Command  
  92  9:36  Barracks  
  92  9:38  Marine x7, Barracks  
  93  9:39  Marine x2  
  93  9:40  Marauder x2, Barracks  
  93  9:43  Barracks  
  105  9:47  Orbital Command  
  105  9:56  Marine x9  
  114  10:01  Marauder  
  114  10:02  Marauder  
  118  10:09  Orbital Command  
  118  10:13  Marine  
  118  10:14  Marine x8  
  127  10:23  Marauder x2  
  127  10:26  Factory  
  131  10:31  Marine x3  
  131  10:32  Marine x4  
  131  10:33  Factory  
  138  10:44  Marine, Marauder  
  138  10:47  Orbital Command  
  122  11:30  Starport  
  121  11:36  Marauder x2  
  121  11:37  Marine x5, Starport  
  121  11:38  Marine x8  
  121  11:39  Starport  
  110  11:55  Marine x7  
  110  11:56  Marine x3  
  110  11:57  Marauder x2  
  93  12:18  Marauder  
  93  12:19  Marauder  
  62  12:40  Marauder x2  
  66  12:46  Marine  
  66  12:47  Marine x12  
  79  13:00  Orbital Command  
  79  13:01  Marauder, Unknown x4  
  79  13:02  Medivac x3  
  79  13:04  Marine  
  79  13:05  Marine x11  
  99  13:23  Marauder  
  101  13:32  Medivac  
Tags
 
Add a new tag
Caveats
  • Supply blocks, unpowered buildings, or Contaminate may cause inaccurate times.
  • Supply counts are checked every 10 seconds.